[Event "Team 45 45 League T58"]
[Site "Internet Chess Club"]
[Date "2013.08.25"]
[Round "1"]
[White "tightfist"]
[Black "AlPearson"]
[Result "0-1"]
[WhiteElo "1428"]
[BlackElo "1390"]
[Opening "King's Indian defense, 3.Nc3"]
[ECO "E61"]
[Time "19:01:23"]
[TimeControl "2700+45"]

1. c4 Nf6 2. Nc3 g6 3. d4 Bg7 4. Nf3 d6 5. Bf4 O-O 6. g3 Bf5 7. Bg2 Nc6 8. O-O
Ne4 9. Rc1 e5 10. dxe5 Nxc3 11. Rxc3 dxe5 12. Nh4 Qxd1 13. Rxd1 exf4 14. Nxf5
Bxc3 15. bxc3 gxf5 16. gxf4 Rfd8 17. Ra1 Rab8 18. Kf1 Kg7 19. Ke1 Kf6 20. Rb1
Rg8 21. Kf1 Na5 22. Rb4 c5 23. Ra4 b6 24. f3 Rbd8 25. Kf2 Rd2 26. Bh3 Re8 27.
Bf1 Red8 28. Ke3 Rb2 29. Kf2 Rdd2 30. Ra3 Rxa2 31. Rxa2 Rxa2 32. Ke3 Nxc4+ 33.
Kd3 Nd2 34. Bg2 c4+ 35. Ke3 a5 36. Kd4 b5 37. Kc5 Rb2 38. Bh3 a4 39. Kd5 a3 40.
e4 fxe4 41. fxe4 Nxe4 42. Kxe4 a2 43. Bd7 a1=Q 44. h3 Qe1+ 45. Kd5 Qe7 46. Bg4
Rd2+ 47. Kc6 Rd6+ 48. Kxb5 Qb7+ 49. Kxc4 Rc6+ 50. Kd3 Qb3 51. Kd4 Rc4+ 52. Kd5
Rxc3+ 53. Kd6 Rd3+ 54. Kc5 Qc2+ 55. Kb4 Rb3+ {White resigns} 0-1

[Event "Team 45 45 League T58"]
[Site "Internet Chess Club"]
[Date "2013.08.24"]
[Round "1"]
[White "Jack-ONeill"]
[Black "MeWantCookie"]
[Result "1-0"]
[WhiteElo "2058"]
[BlackElo "1976"]
[Opening "Owen defense"]
[ECO "B00"]
[Time "13:07:35"]
[TimeControl "2700+45"]

1. e4 b6 2. d4 Bb7 3. Bd3 e6 4. Nf3 c5 5. c3 Nc6 6. d5 Nce7 7. c4 Ng6 8. Nc3 Nf6
9. e5 Ng4 10. Qe2 Nh4 11. Nxh4 Qxh4 12. Nb5 Kd8 13. h3 Nh6 14. g3 Qe7 15. d6 Qe8
16. Be4 Bxe4 17. Qxe4 Rc8 18. Qb7 f5 19. Bg5+ {Black resigns} 1-0

[Event "Team 45 45 League T58"]
[Site "Internet Chess Club"]
[Date "2013.08.24"]
[Round "1"]
[White "BigH"]
[Black "Ptzz"]
[Result "1-0"]
[WhiteElo "2126"]
[BlackElo "2089"]
[Opening "QGD Slav: 4.e3 Bf5"]
[ECO "D12"]
[Time "10:07:00"]
[TimeControl "2700+45"]

1. d4 d5 2. c4 c6 3. Nf3 Nf6 4. e3 Bf5 5. Nc3 a6 6. c5 Nbd7 7. Bd3 e6 8. O-O Be7
9. Bxf5 exf5 10. Qd3 Ne4 11. Nd2 Bf6 12. f3 Nxd2 13. Bxd2 g6 14. Be1 O-O 15. Bg3
b6 16. cxb6 Nxb6 17. Rac1 Re8 18. b3 Rc8 19. Bf2 a5 20. Rfd1 Bg5 21. Rc2 Qe7 22.
Re1 Qb4 23. e4 fxe4 24. fxe4 a4 25. Nxa4 dxe4 26. Rxe4 Nxa4 27. bxa4 Qb1+ 28.
Be1 Kf8 29. Qa3+ Kg8 30. Ree2 Be3+ 31. Kf1 Bxd4 32. Qb3 Qa1 33. Rcd2 Rb8 34.
Rxe8+ Rxe8 35. Rd1 Qb2 36. Qxb2 Bxb2 37. Rd6 Rc8 38. h3 c5 39. Ke2 c4 40. Kd1
Be5 41. Rd5 f6 42. Kc2 Ra8 43. a5 Kf7 44. Rc5 Ke6 45. Rxc4 Kd5 46. Kb3 Bd4 47.
Rc7 h5 48. Rd7+ Ke4 49. Kc4 Rc8+ 50. Kb5 Rc2 51. a3 Rxg2 52. a6 Rg5+ 53. Ka4 Re5
54. a7 Bxa7 55. Rxa7 g5 56. Bc3 Re6 57. Rg7 Kf4 58. Rg6 Kg3 59. Rxf6 Re4+ 60.
Kb5 Kxh3 61. Rf5 Kg4 62. Rc5 Re8 63. Bf6 Rg8 64. a4 h4 65. a5 h3 66. Be5 Kf3 67.
Rc3+ Ke4 68. Bh2 g4 69. a6 Kd4 70. Ra3 Rg5+ 71. Kb4 Rc5 72. Rd3+ Kxd3 73. Kxc5
Ke2 74. a7 Kf2 75. a8=Q g3 76. Bxg3+ {Black resigns} 1-0

[Event "Team 45 45 League T58"]
[Site "Internet Chess Club"]
[Date "2013.08.26"]
[Round "1"]
[White "Holgate"]
[Black "TerryMalloy"]
[Result "0-1"]
[WhiteElo "1999"]
[BlackElo "2036"]
[Opening "Sicilian: Najdorf"]
[ECO "B90"]
[Time "17:11:08"]
[TimeControl "2700+45"]

1. e4 c5 2. Nf3 d6 3. d4 cxd4 4. Nxd4 Nf6 5. Nc3 a6 6. f3 e5 7. Nb3 Be6 8. Be3
h5 9. Qd2 Nbd7 10. O-O-O Be7 11. Kb1 Rc8 12. h3 Qc7 13. Bd3 h4 14. f4 b5 15.
Rhe1 Bc4 16. Bf2 b4 17. Nd5 Nxd5 18. exd5 Bxd3 19. Qxd3 O-O 20. f5 a5 21. Qd2 a4
22. Nd4 Bf6 23. Nb5 Bg5 24. Nxc7 Bxd2 25. Rxd2 Rxc7 26. Bxh4 f6 27. Re4 Rb8 28.
Bf2 Rb5 29. g4 Nc5 30. Rc4 Kf7 31. h4 Rc8 32. Be3 Rh8 33. Rh2 Ke7 34. h5 Kd7 35.
Kc1 Na6 36. a3 bxa3 37. bxa3 Nc7 38. Rxa4 Nxd5 39. Ra7+ Nc7 40. a4 Rb4 41. g5
fxg5 42. Bxg5 Kc6 43. f6 gxf6 44. Bxf6 Rf8 45. h6 Rxf6 46. h7 Rf1+ 47. Kd2 Rd4+
48. Ke2 Rf8 49. c3 Rg4 50. h8=Q Rxh8 51. Rxh8 Kb6 52. Raa8 Nxa8 53. Rxa8 Kb7 54.
Ra5 Kb6 55. Rb5+ Kc6 56. Rb4 Rg2+ 57. Kd3 Ra2 58. Rh4 d5 59. Rb4 e4+ 60. Ke3 Rc2
61. Rb3 Ra2 62. Rb4 Kc5 63. Rb8 Rxa4 64. Rc8+ Kb5 65. Rd8 Kc4 66. Rc8+ Kb3 67.
Rd8 Ra5 68. Kd4 Kc2 69. Rh8 Ra4+ 70. Kxd5 Kxc3 71. Rh3+ Kd2 {White resigns} 0-1

[Event "Team 45 45 League T58"]
[Site "Internet Chess Club"]
[Date "2013.08.31"]
[Round "1"]
[White "Grebochess"]
[Black "Tobiasdelmonte"]
[Result "0-1"]
[WhiteElo "1683"]
[BlackElo "1812"]
[Opening "King's Indian: London system"]
[ECO "A48"]
[Time "15:08:44"]
[TimeControl "2700+45"]

1. d4 Nf6 2. Nf3 g6 3. Bf4 Bg7 4. e3 c5 5. c3 O-O 6. Be2 cxd4 7. exd4 Qb6 8. Qb3
Qa5 9. Na3 d6 10. O-O Nc6 11. Rfe1 Rb8 12. Nc4 Qc7 13. Ne3 Be6 14. Qc2 Rfc8 15.
Ng5 Nxd4 16. Qd2 Nxe2+ 17. Qxe2 Bd7 18. Rad1 h6 19. Ne4 Nxe4 20. Nd5 Qd8 21.
Qxe4 Be6 22. Qe3 g5 23. Bg3 Bf8 24. h4 Rc5 25. Qf3 Qd7 26. Rxe6 Qxe6 27. Ne3
Rbc8 28. hxg5 Rxg5 29. Bf4 Rg6 30. Rd5 b6 31. Rf5 Rc5 32. Rxc5 bxc5 33. Qh5 Qxa2
34. Nf5 Qb1+ 35. Kh2 Qe4 36. g3 Qe6 37. Nh4 Rf6 38. Be3 a5 39. g4 Qe5+ 40. Qxe5
dxe5 41. Bxc5 e6 42. Bb6 a4 43. Be3 e4 44. c4 Bd6+ 45. Kg2 Bf4 46. Bd4 e5 47.
Bc3 Rc6 48. Nf5 Rxc4 49. Nd6 Rxc3 50. bxc3 a3 51. Nxe4 a2 52. f3 a1=Q 53. c4
Qb2+ 54. Nf2 Be3 55. Kh3 Qxf2 56. c5 Bf4 57. c6 Qg3# {White checkmated} 0-1

[Event "Team 45 45 League T58"]
[Site "Internet Chess Club"]
[Date "2013.08.26"]
[Round "1"]
[White "fledermaus"]
[Black "Chess-Dream"]
[Result "0-1"]
[WhiteElo "1937"]
[BlackElo "2169"]
[Opening "Queen's pawn game, Darooha variation "]
[ECO "D11"]
[Time "14:02:28"]
[TimeControl "2700+45"]

1. d4 d5 2. Nf3 Nf6 3. c4 c6 4. Qb3 e6 5. Bf4 Be7 6. e3 O-O 7. Nc3 Nbd7 8. h3 a6
9. c5 b6 10. cxb6 Qxb6 11. Qxb6 Nxb6 12. Ne5 Bb7 13. Rc1 Rfc8 14. Nd3 Nfd7 15.
Be2 c5 16. dxc5 Nxc5 17. O-O Nxd3 18. Bxd3 Bf6 19. Bd6 Nc4 20. Bxc4 Rxc4 21. Ba3
Rac8 22. Ne2 e5 23. Rxc4 Rxc4 24. Rc1 Rxc1+ 25. Nxc1 d4 26. exd4 exd4 27. f3 Bg5
28. b4 Bd5 29. Kf1 Bc4+ 30. Ke1 Bh4+ 31. Kd1 Bf1 32. Bb2 Bxg2 33. Bxd4 Bxf3+ 34.
Kd2 Bg2 35. a4 Bxh3 36. b5 axb5 37. axb5 Bc8 38. Nb3 Bg3 39. Ba7 h5 40. Ke2 h4
41. Kf3 Bb7+ 42. Kg4 f5+ 43. Kxf5 h3 44. Bg1 Bc8+ 45. Kg6 h2 46. Bxh2 Bxh2 47.
Na5 Bc7 48. Nc6 Kf8 49. Nd4 Bd7 {White resigns} 0-1

[Event "Team 45 45 League T58"]
[Site "Internet Chess Club"]
[Date "2013.08.22"]
[Round "1"]
[White "dmarcolino"]
[Black "Deckfuel"]
[Result "1-0"]
[WhiteElo "1995"]
[BlackElo "2024"]
[Opening "English opening"]
[ECO "A10"]
[Time "07:30:30"]
[TimeControl "2700+45"]

1. c4 g6 2. Nc3 Bg7 3. g3 d6 4. Bg2 e5 5. d3 f5 6. Nf3 Nf6 7. O-O O-O 8. Qc2 Nc6
9. a3 Rb8 10. Rb1 Bd7 11. e3 Ne7 12. b4 c6 13. Rd1 Qc7 14. a4 d5 15. cxd5 cxd5
16. Qb3 Kh8 17. b5 e4 18. Nd4 Rfc8 19. Nce2 exd3 20. Rxd3 Ne4 21. Ba3 Qe5 22.
Nf4 Ng8 23. Qxd5 Qe8 24. Bb4 Ngf6 25. Qa2 a5 26. Bxa5 Nc5 27. Rdd1 Ra8 28. Qd2
Nfe4 29. Qe1 Nxa4 30. Rdc1 Bxd4 31. exd4 Bxb5 32. Bxe4 fxe4 33. d5 b6 34. Bc3+
Nxc3 35. Rxc3 Rc5 36. Qd2 Bd3 37. Nxd3 Rxd5 38. Qb2 Rad8 39. Rc7+ Rd4 40. Rc4
Qd7 41. Nf4 Kg8 42. Rxd4 Qxd4 43. Qxd4 Rxd4 44. Rxb6 Ra4 45. Nd5 Rd4 46. Ne3 Kg7
47. Kg2 h5 48. Rc6 Rd7 49. Rc4 Re7 50. Kf1 Kh6 51. h4 Re6 52. Ke2 g5 53. hxg5+
Kxg5 54. Rc5+ Kh6 55. Ng2 Ra6 56. Nf4 Ra2+ 57. Ke3 Ra3+ 58. Kxe4 Ra4+ 59. Kf3
Ra3+ 60. Kg2 Ra2 61. Rxh5+ Kg7 62. Re5 Kf6 63. Re2 Ra8 64. Nd5+ Kg5 65. f4+ Kg4
66. Ne3+ Kh5 67. Kf3 Ra4 68. g4+ Kg6 69. Nd5 Rd4 70. Ne7+ Kf6 71. g5+ Kf7 72. f5
Ra4 73. Nc6 Ra3+ 74. Kf4 Ra4+ 75. Re4 Ra1 76. Ke5 Rc1 77. Nd8+ Ke7 78. Ne6 Ra1
79. f6+ Kf7 80. Kf5 Rf1+ 81. Nf4 Ra1 82. g6+ Kf8 83. g7+ Kf7 84. Re7+ Kg8 85.
Re8+ Kh7 86. Rh8# {Black checkmated} 1-0

[Event "Team 45 45 League T58"]
[Site "Internet Chess Club"]
[Date "2013.08.23"]
[Round "1"]
[White "fishhead"]
[Black "jjimalo"]
[Result "0-1"]
[WhiteElo "1855"]
[BlackElo "1953"]
[Opening "Sicilian defense"]
[ECO "B32"]
[Time "12:00:12"]
[TimeControl "2700+45"]

1. e4 c5 2. Nf3 Nc6 3. d4 cxd4 4. Nxd4 Qb6 5. c3 Nf6 6. f3 d6 7. Bc4 g6 8. b4
Bg7 9. Be3 Qc7 10. Na3 O-O 11. Qd2 a6 12. Rc1 e5 13. Ne2 b5 14. Bb3 Be6 15. c4
Rab8 16. cxb5 axb5 17. Bd5 Bd7 18. Nc3 Nxb4 19. Ncxb5 Qxc1+ 20. Qxc1 Nd3+ 21.
Kd2 Nxc1 {White resigns} 0-1

[Event "Team 45 45 League T58"]
[Site "Internet Chess Club"]
[Date "2013.08.22"]
[Round "1"]
[White "taylorgang73"]
[Black "latayvia"]
[Result "1-0"]
[WhiteElo "1820"]
[BlackElo "1609"]
[Opening "Ruy Lopez: Anderssen variation"]
[ECO "C77"]
[Time "12:01:50"]
[TimeControl "2700+45"]

1. e4 e5 2. Nf3 Nc6 3. Bb5 a6 4. Ba4 Nf6 5. d3 d6 6. c3 g6 7. O-O Bg7 8. Re1 O-O
9. d4 Bd7 10. Nbd2 Re8 11. Bc2 Bh6 12. Nf1 Bxc1 13. Qxc1 Kg7 14. Ng3 Bg4 15. Qd2
Nh5 16. Nxh5+ Bxh5 17. d5 Nb8 18. Qe3 Bxf3 19. Qxf3 Qf6 20. Qg3 Nd7 21. Rf1 Qf4
22. Qd3 Nc5 23. Qe2 a5 24. g3 Qf6 25. f4 exf4 26. Rxf4 Qe5 27. Raf1 Re7 28. Qg4
a4 29. Rf5 Rae8 30. Rxe5 Rxe5 31. Qf4 R8e7 32. h4 h6 33. Re1 f5 34. g4 fxe4 35.
Rf1 b5 36. Qf8+ Kh7 37. Rf7+ {Black resigns} 1-0

[Event "Team 45 45 League T58"]
[Site "Internet Chess Club"]
[Date "2013.08.26"]
[Round "1"]
[White "bobhill"]
[Black "WillC"]
[Result "1-0"]
[WhiteElo "1961"]
[BlackElo "1723"]
[Opening "Queen's bishop game"]
[ECO "D02"]
[Time "17:30:20"]
[TimeControl "2700+45"]

1. d4 d5 2. Nf3 Nf6 3. Bf4 e6 4. e3 c5 5. c3 Be7 6. Bd3 Nc6 7. O-O O-O 8. Nbd2
Qb6 9. Qb3 Qxb3 10. axb3 a6 11. Ne5 Nxe5 12. Bxe5 Nd7 13. Bg3 b6 14. Nf3 Bb7 15.
Ne5 Nxe5 16. Bxe5 Rfd8 17. Bc7 Rdc8 18. Bxb6 cxd4 19. exd4 Bd6 20. b4 e5 21. Bf5
Rc6 22. Bc5 Bxc5 23. bxc5 e4 24. b4 g6 25. Bg4 f5 26. Be2 Kf7 27. b5 axb5 28.
Bxb5 Rc7 29. Rxa8 Bxa8 30. Ra1 Bc6 31. Bxc6 Rxc6 32. Ra7+ Kg8 33. g3 g5 34. Kf1
f4 35. Ke2 h6 36. f3 e3 37. g4 Kf8 38. Kd3 Ke8 39. Ra2 Ke7 40. c4 dxc4+ 41. Kxc4
Re6 42. Re2 Kd7 43. d5 Re5 44. Kd4 Re8 45. h3 Kc7 46. Kd3 Re5 47. Kc4 Kd7 48.
Kd4 Re8 49. Kc4 Rb8 50. Ra2 Rb1 51. Ra7+ Kc8 52. Re7 Rc1+ 53. Kb5 Kd8 54. Re6
Rb1+ 55. Kc6 Ra1 56. d6 Ra6+ 57. Kd5 Ra2 58. c6 Rd2+ 59. Ke5 e2 60. c7+ Kc8 61.
Re8+ Kb7 62. c8=Q+ Kb6 63. Qc7+ Kb5 64. Rb8+ {Black resigns} 1-0

[Event "Team 45 45 League T58"]
[Site "Internet Chess Club"]
[Date "2013.08.22"]
[Round "1"]
[White "quickmissile"]
[Black "misuc56"]
[Result "0-1"]
[WhiteElo "1652"]
[BlackElo "1805"]
[Opening "Sicilian"]
[ECO "B54"]
[Time "15:00:59"]
[TimeControl "2700+45"]

1. e4 c5 2. Nf3 d6 3. d4 cxd4 4. Nxd4 Nc6 5. Nc3 Bd7 6. Be3 g6 7. f3 Bg7 8. Bc4
a6 9. Qd2 h5 10. O-O-O Rb8 11. Be2 Nf6 12. h4 Ne5 13. Bg5 b5 14. Nb3 Nc4 15. Qe1
Qc8 16. Bxc4 bxc4 17. Nd2 Be6 18. Qe2 Nd7 19. Na4 Qc6 20. b3 cxb3 21. axb3 Bxb3
22. Nxb3 Rxb3 23. Qd2 Ra3 24. c3 Qxa4 25. Qd5 Rxc3+ 26. Kd2 Qb4 27. Rb1 Rb3+
{White resigns} 0-1

[Event "Team 45 45 League T58"]
[Site "Internet Chess Club"]
[Date "2013.08.25"]
[Round "1"]
[White "rubo"]
[Black "stupidmeerkat"]
[Result "1-0"]
[WhiteElo "1678"]
[BlackElo "1616"]
[Opening "Bird's opening: Lasker variation"]
[ECO "A03"]
[Time "14:00:32"]
[TimeControl "2700+45"]

1. f4 d5 2. Nf3 c5 3. e3 Nf6 4. b3 e6 5. Bb2 Be7 6. Bd3 Nc6 7. O-O O-O 8. Nc3
Nb4 9. Ne2 Nxd3 10. cxd3 b6 11. Ng3 Ba6 12. Qc2 Rc8 13. Rac1 c4 14. bxc4 dxc4
15. Qa4 Bb7 16. Ne5 cxd3 17. Qxa7 Ba8 18. Bd4 Qd5 19. Nf3 Bb4 20. Rxc8 Rxc8 21.
Rd1 h6 22. Qxb6 Bc5 23. Bxc5 Qxc5 24. Qxc5 Rxc5 25. Nd4 Bd5 26. a4 Ra5 27. Ra1
Ne4 28. Nxe4 Bxe4 29. Nb3 Ra7 30. a5 Kf8 31. a6 Ke7 32. Nc5 Bc6 33. Ra5 Kd6 34.
Nxd3 Bb7 35. axb7 {Black resigns} 1-0

[Event "Team 45 45 League T58"]
[Site "Internet Chess Club"]
[Date "2013.08.24"]
[Round "1"]
[White "bat30"]
[Black "thecube"]
[Result "1-0"]
[WhiteElo "1902"]
[BlackElo "1798"]
[Opening "Sicilian: Najdorf"]
[ECO "B90"]
[Time "23:02:39"]
[TimeControl "2700+45"]

1. e4 c5 2. Nf3 d6 3. d4 cxd4 4. Nxd4 Nf6 5. Nc3 a6 6. a4 e6 7. Be2 Be7 8. O-O
O-O 9. Be3 Qc7 10. a5 Nc6 11. Nb3 Nd7 12. f4 Nc5 13. Qe1 Nb4 14. Nb5 axb5 15.
Qxb4 Na6 16. Qd2 Bd7 17. Rfd1 Rac8 18. Rac1 Bc6 19. Bb6 Qd7 20. Bf3 Nc7 21. Nc5
Qe8 22. Nd3 Na8 23. Bd4 Qd7 24. Nb4 Qc7 25. c4 Qd8 26. cxb5 Bxb5 27. Rxc8 Qxc8
28. Rc1 Qd8 29. Qc3 e5 30. fxe5 dxe5 31. Bxe5 Qxa5 32. Nd5 Qa7+ 33. Bd4 b6 34.
Bxg7 Rd8 35. Nxe7+ Qxe7 36. Bf6 {Black resigns} 1-0

[Event "Team 45 45 League T58"]
[Site "Internet Chess Club"]
[Date "2013.08.24"]
[Round "1"]
[White "pishd"]
[Black "HumanTornado"]
[Result "1/2-1/2"]
[WhiteElo "1715"]
[BlackElo "2018"]
[Opening "Queen's pawn game, Darooha variation "]
[ECO "D02"]
[Time "12:05:09"]
[TimeControl "2700+45"]

1. d4 d5 2. Nf3 Nf6 3. c3 Bf5 4. Qb3 Qc8 5. Bf4 Nbd7 6. h3 e6 7. Nbd2 h6 8. e3
c5 9. c4 a6 10. a4 Be7 11. Be2 O-O 12. O-O Re8 13. Rac1 cxd4 14. cxd5 Nc5 15.
Qa2 Nxd5 16. Nxd4 Nxf4 17. exf4 Qd7 18. Nxf5 exf5 19. b3 Bd6 20. Nc4 Bxf4 21.
Nb6 Qe7 22. Nd5 Qxe2 23. Qxe2 Rxe2 24. Nxf4 Re5 25. Rc3 Rd8 26. Rfc1 Ne4 27. Rc7
b5 28. axb5 Rxb5 29. Ra7 Rxb3 30. Rxa6 {Game drawn by mutual agreement} 1/2-1/2

[Event "Team 45 45 League T58"]
[Site "Internet Chess Club"]
[Date "2013.08.26"]
[Round "1"]
[White "Zugzwanged"]
[Black "FourKnights"]
[Result "1/2-1/2"]
[WhiteElo "1737"]
[BlackElo "1807"]
[Opening "Sicilian: closed"]
[ECO "B23"]
[Time "15:47:25"]
[TimeControl "2700+45"]

1. e4 c5 2. Nc3 e6 3. f4 d5 4. Bb5+ Bd7 5. Bxd7+ Qxd7 6. Nf3 d4 7. Ne2 Nc6 8. d3
Bd6 9. O-O Nge7 10. Ng3 O-O 11. Bd2 b5 12. a3 a5 13. Qe1 Bc7 14. e5 Nd5 15. Ne4
Qe7 16. b3 f6 17. exf6 Nxf6 18. g3 b4 19. a4 Rae8 20. Qe2 e5 21. fxe5 Nxe4 22.
Qxe4 Nxe5 23. Qd5+ Qe6 24. Qxe6+ Rxe6 25. Nxe5 Bxe5 26. Rxf8+ Kxf8 27. Re1 Kf7
28. Kg2 Bd6 29. Rxe6 Kxe6 30. Kf3 h5 31. Bg5 Be7 32. Kf4 Bf6 33. Bxf6 Kxf6 34.
h4 g6 35. Ke4 {Game drawn by mutual agreement} 1/2-1/2

[Event "Team 45 45 League T58"]
[Site "Internet Chess Club"]
[Date "2013.08.24"]
[Round "1"]
[White "mongmong"]
[Black "Check101"]
[Result "1-0"]
[WhiteElo "1589"]
[BlackElo "1542"]
[Opening "King's Indian: Gligoric-Taimanov system"]
[ECO "E92"]
[Time "20:23:25"]
[TimeControl "2700+45"]

1. d4 Nf6 2. Nf3 g6 3. c4 d6 4. Nc3 Bg7 5. e4 O-O 6. Be2 e5 7. Be3 a5 8. O-O
Nbd7 9. Qc2 h6 10. h3 b6 11. Rad1 Ne8 12. dxe5 Nxe5 13. Nxe5 Bxe5 14. Bxh6 Ng7
15. f4 Bf6 16. e5 Be7 17. exd6 cxd6 18. Qd2 Qc7 19. Nd5 Qc5+ 20. Kh1 Re8 21. Qc3
Nf5 22. Nxe7+ Rxe7 23. Rd5 Re3 24. Rxc5 Rxc3 25. Rxc8+ Rxc8 26. bxc3 Ng3+ 27.
Kh2 Nxe2 28. Re1 Nxc3 29. Re3 Rxc4 30. Bg5 Nxa2 31. Bf6 Kf8 32. Be7+ Kg7 33.
Bxd6 Nb4 34. Re8 f6 35. Re7+ Kh6 36. Rb7 Nd5 37. Bf8+ Kh5 38. g4+ Kh4 39. Rh7#
{Black checkmated} 1-0

[Event "Team 45 45 League T58"]
[Site "Internet Chess Club"]
[Date "2013.08.24"]
[Round "1"]
[White "PaulRichard"]
[Black "pcvan"]
[Result "0-1"]
[WhiteElo "1548"]
[BlackElo "1540"]
[Opening "French: Winawer (Nimzovich) variation"]
[ECO "C15"]
[Time "18:00:30"]
[TimeControl "2700+45"]

1. e4 e6 2. d4 d5 3. Nc3 Bb4 4. exd5 exd5 5. Bd3 Nf6 6. Ne2 O-O 7. O-O Bg4 8. f3
Be6 9. Bg5 Nbd7 10. Nf4 h6 11. Nxe6 fxe6 12. Bh4 c5 13. Bg6 cxd4 14. a3 Be7 15.
Nb5 Ne5 16. Bxf6 Bxf6 17. Bd3 Qb6 18. Be2 d3+ 19. Kh1 dxe2 20. Qxe2 a6 {White
resigns} 0-1

[Event "Team 45 45 League T58"]
[Site "Internet Chess Club"]
[Date "2013.08.22"]
[Round "1"]
[White "Merlin43"]
[Black "seattleblues"]
[Result "1/2-1/2"]
[WhiteElo "1359"]
[BlackElo "1450"]
[Opening "Queen's pawn, Mason variation, Steinitz counter-gambit"]
[ECO "D00"]
[Time "15:51:19"]
[TimeControl "2700+45"]

1. d4 d5 2. Bf4 c5 3. e3 cxd4 4. exd4 Nc6 5. Nf3 Bg4 6. Nbd2 Nxd4 7. c3 Nxf3+ 8.
Nxf3 a6 9. Be2 e6 10. Bg3 Nf6 11. Bh4 Be7 12. Bxf6 Bxf6 13. Qa4+ b5 14. Qxg4 O-O
15. O-O Qc7 16. Rac1 Qd6 17. Bd3 g6 18. Rcd1 {Game drawn by mutual agreement}
1/2-1/2

[Event "Team 45 45 League T58"]
[Site "Internet Chess Club"]
[Date "2013.08.26"]
[Round "1"]
[White "akshayk06"]
[Black "Visin"]
[Result "1-0"]
[WhiteElo "1551"]
[BlackElo "1222"]
[Opening "Queen's pawn game, Chigorin variation"]
[ECO "A04"]
[Time "13:00:21"]
[TimeControl "2700+45"]

1. Nf3 Nc6 2. d4 d5 3. c4 b6 4. cxd5 Qxd5 5. Nc3 Qd8 6. e4 e6 7. Bb5 Bd7 8. O-O
Nf6 9. Bg5 Be7 10. d5 Na5 11. dxe6 fxe6 12. Ne5 Bxb5 13. Nxb5 a6 14. Qxd8+ Bxd8
15. Nd4 Nxe4 16. Bxd8 Rxd8 17. Nxe6 Rc8 18. Nxg7+ Kf8 19. Ne6+ Ke7 20. Nf4 Kf6
21. Nd7+ Kf7 22. Rfe1 Nd6 23. Nd5 Rhe8 24. N7f6 Rxe1+ 25. Rxe1 Nc6 26. Nxh7 Re8
27. Ng5+ Kg6 28. Rxe8 Nxe8 29. Ne6 Nf6 30. Nexc7 Nxd5 31. Nxd5 b5 32. Nc7 Nb8
{Black resigns} 1-0

[Event "Team 45 45 League T58"]
[Site "Internet Chess Club"]
[Date "2013.08.25"]
[Round "1"]
[White "Zyme"]
[Black "divy7"]
[Result "0-1"]
[WhiteElo "1400"]
[BlackElo "1664"]
[Opening "QGD: Marshall defense"]
[ECO "A50"]
[Time "21:05:08"]
[TimeControl "2700+45"]

1. d4 Nf6 2. c4 d5 3. Nc3 Bf5 4. Nf3 e6 5. Nh4 Bg6 6. Nxg6 hxg6 7. e3 Bb4 8. Bd2
c5 9. dxc5 Bxc5 10. cxd5 Nxd5 11. Bb5+ Ke7 12. Qb3 Nf6 13. O-O-O a6 14. Be2 Qc7
15. Kb1 Nc6 16. h3 b5 17. Bf3 Ra7 18. Rc1 Na5 19. Qc2 Nc4 20. Be1 Qb6 21. Ne4
Nxe4 22. Bxe4 Ba3 23. Qb3 a5 24. Rxc4 Bd6 25. Rc2 a4 26. Qd3 b4 27. Rc4 b3 28.
a3 Rd8 29. Qc3 Rad7 30. Rd4 Rc7 31. Qd2 Rdc8 32. f3 Rc1+ 33. Qxc1 Rxc1+ 34. Kxc1
Bc5 35. Bh4+ f6 36. Rd3 Bxe3+ 37. Kd1 Qc5 38. Ke2 g5 39. Rhd1 f5 40. Bxg5+ Bxg5
41. Rd7+ Ke8 42. Bb1 Qe3+ 43. Kf1 Bh4 44. R7d2 Bg3 45. Re2 Qb6 46. Bxf5 Kf8 47.
Bxe6 Bh2 48. Ke1 Qg1+ 49. Kd2 Bf4+ 50. Kc3 Qxd1 51. Re4 Qd2+ 52. Kc4 Bg3 53. Rg4
Qxb2 54. Rxg3 Qc2+ 55. Kb4 b2 56. Ba2 b1=R+ 57. Bxb1 Qxb1+ 58. Kxa4 Qd1+ 59. Kb5
Qd5+ 60. Ka4 Qa8+ 61. Kb3 Qb8+ 62. Ka2 Qxg3 {White resigns} 0-1

[Event "Team 45 45 League T58"]
[Site "Internet Chess Club"]
[Date "2013.08.22"]
[Round "1"]
[White "MateMaster"]
[Black "AlPearson"]
[Result "1-0"]
[WhiteElo "1578"]
[BlackElo "1370"]
[Opening "Caro-Kann: classical variation"]
[ECO "B18"]
[Time "19:15:40"]
[TimeControl "2700+45"]

1. e4 c6 2. d4 d5 3. Nc3 dxe4 4. Nxe4 Bf5 5. Ng3 Bg6 6. Nf3 Nd7 7. Be2 e6 8. O-O
Ngf6 9. Ne5 Be7 10. Nxg6 hxg6 11. Bg5 O-O 12. Re1 Nd5 13. Bxe7 Qxe7 14. c4 N5f6
15. Bf3 Rad8 16. d5 Nb6 17. Qb3 cxd5 18. cxd5 Nfxd5 19. Bxd5 Rxd5 20. Ne4 Rfd8
21. Nc3 Rd3 22. Qc2 Rd2 23. Qb3 Nd5 24. Nxd5 R2xd5 25. Rac1 Rd2 26. Re3 Qf6 27.
Rf3 Qxb2 28. Qxb2 Rxb2 29. a3 Kf8 30. h3 f6 31. Re3 e5 32. Rc7 Kg8 33. a4 Rdd2
34. Rc8+ Kh7 35. Re4 g5 36. Rg4 Rb1+ 37. Kh2 Rxf2 38. Rc7 Rff1 39. Re4 Rh1+ 40.
Kg3 Kg6 41. Re2 Rb3+ 42. Kf2 Ra1 43. Rc4 Rba3 44. Rc7 Rxa4 45. Rxb7 R4a2 46.
Rbb2 Rxb2 47. Rxb2 Rc1 48. Ra2 Rc7 49. g4 Kf7 50. Ra6 g6 51. Kf3 Re7 52. Ke4 Rd7
53. Ke3 Ke8 54. Rxf6 a5 55. Rxg6 Ra7 56. Rxg5 Kf7 57. Rxe5 a4 58. Rb5 a3 59. Rb1
Kg6 60. Kf3 a2 61. Ra1 Kg5 62. Kg3 Ra3+ 63. Kg2 Kh4 64. Kh2 Rxh3+ 65. Kg2 Ra3
66. Kf2 Kxg4 67. Ke2 Kf4 68. Kd2 Ke4 69. Kc2 Kd4 70. Kb2 Kc4 71. Kxa3 Kc3 72.
Kxa2 Kd4 73. Rc1 Ke4 74. Rd1 Ke5 75. Kb3 Ke4 76. Kc3 Ke5 77. Kc4 Ke4 78. Re1+
Kf4 79. Kd4 Kf5 80. Re2 Kf4 81. Rf2+ Kg4 82. Ke4 Kg5 83. Rf1 Kg4 84. Rg1+ Kh4
85. Kf3 Kh5 86. Kf4 Kh6 87. Kf5 Kh7 88. Kf6 Kh8 89. Kf7 Kh7 90. Rh1# {Black
checkmated} 1-0

[Event "Team 45 45 League T58"]
[Site "Internet Chess Club"]
[Date "2013.08.24"]
[Round "1"]
[White "chuckh2"]
[Black "tornado100"]
[Result "0-1"]
[WhiteElo "1299"]
[BlackElo "1431"]
[Opening "Sicilian: accelerated fianchetto, Maróczy bind"]
[ECO "B36"]
[Time "19:00:18"]
[TimeControl "2700+45"]

1. e4 c5 2. Nf3 Nc6 3. d4 cxd4 4. Nxd4 g6 5. c4 Nf6 6. Nc3 d6 7. Be2 Bg7 8. Nb3
O-O 9. O-O Be6 10. Nd5 Nxe4 11. Rb1 Nf6 12. Nxf6+ Bxf6 13. Bh6 Bg7 14. Bxg7 Kxg7
15. Nd4 Nxd4 16. Qxd4+ f6 17. g4 Bf7 18. b3 e5 19. Qe3 a6 20. Rfd1 Qc7 21. h4
Rfd8 22. Bf3 Be8 23. Rd3 Bc6 24. Be2 d5 25. cxd5 Rxd5 26. Rxd5 Bxd5 27. Rc1 Bc6
28. Rc4 Qd6 29. Qc3 Qd5 30. f3 Rd8 31. a3 Qd2 32. Kf2 Kh6 33. g5+ fxg5 34. hxg5+
Qxg5 35. Rg4 Qf5 36. Qc1+ g5 37. Qh1+ Kg6 38. Rg3 h5 39. Qc1 e4 40. f4 g4 41.
Qe3 Rf8 42. Bc4 Qxf4+ 43. Qxf4 Rxf4+ 44. Ke1 Rf3 45. Rg2 Kg5 46. Be6 e3 47. Rc2
Kf4 48. Bf7 h4 49. Bh5 Bb5 50. Rg2 Rf1# {White checkmated} 0-1

[Event "Team 45 45 League T58"]
[Site "Internet Chess Club"]
[Date "2013.08.22"]
[Round "1"]
[White "Bizzy-Ketty"]
[Black "artspir"]
[Result "1-0"]
[WhiteElo "1399"]
[BlackElo "1161"]
[Opening "Caro-Kann: Panov-Botvinnik attack, 5...e6"]
[ECO "B14"]
[Time "18:30:43"]
[TimeControl "2700+45"]

1. e4 c6 2. d4 d5 3. exd5 cxd5 4. c4 e6 5. Nc3 Nf6 6. Nf3 Nbd7 7. Bg5 Be7 8. Be2
O-O 9. O-O Ne4 10. Bxe7 Qxe7 11. cxd5 Nxc3 12. bxc3 exd5 13. Re1 Nf6 14. Bd3 Ne4
15. Qc2 f5 16. Nd2 Be6 17. Nxe4 fxe4 18. Bb5 Rf4 19. c4 Rc8 20. Qd2 Rcf8 21. Re2
Bg4 22. f3 Bh5 23. cxd5 Qg5 24. Rf2 exf3 25. g3 R8f6 26. Kh1 Rg4 27. Qxg5 Rxg5
28. Bc4 Bf7 29. Rb1 b6 30. Rbf1 b5 31. Bb3 a5 32. Rxf3 Bxd5 33. Bxd5+ Rxd5 34.
Rxf6 gxf6 35. Rxf6 Rxd4 36. Ra6 a4 37. Rc6 Rd1+ 38. Kg2 Rd2+ 39. Kh3 Rxa2 40.
Rb6 Rb2 41. g4 Kf7 42. Kg3 Rb3+ 43. Kh4 Ke7 44. g5 Kd7 45. Rh6 Rb4+ 46. Kh5 Rc4
47. Rxh7+ Kc6 48. g6 a3 49. g7 a2 50. g8=Q Rc5+ 51. Kh6 a1=Q 52. Qe6# {Black
checkmated} 1-0